Map: Orbital Shipyard

Players

Superficial

  • Race: Protoss Protoss
  • League: Master

xKawaiian - Winner!

  • Race: Terran Terran
  • League: Master

VOD

Have the link to the VOD?

Description

Time

  • Played on: Jan. 14, 2016, 6:39 p.m.
  • Length: 12:08
Show
View Real Time Build Order
Export as new Build Order

Superficial Protoss 

Build Orders: Nexus First 

Get SALT Encoding   

  12  0:00  Probe (Chrono Boost)  
  13  0:11  Probe (Chrono Boost)  
  14  0:18  Pylon  
  14  0:22  Probe (Chrono Boost)  
  15  0:36  Probe (Chrono Boost)  
  16  0:46  Probe (Chrono Boost)  
  17  0:57  Nexus  
  17  1:07  Gateway  
  17  1:10  Probe (Chrono Boost)  
  18  1:15  Assimilator  
  18  1:20  Probe (Chrono Boost)  
  18  1:25  Assimilator  
  19  1:31  Probe (Chrono Boost)  
  20  1:34  Pylon  
  20  1:41  Probe (Chrono Boost)  
  21  1:52  Probe (Chrono Boost)  
  22  1:54  Cybernetics Core  
  22  2:02  Probe (Chrono Boost)  
  23  2:10  Probe (Chrono Boost)  
  23  2:13  Probe (Chrono Boost)  
  24  2:23  Probe (Chrono Boost)  
  25  2:31  Mothership Core (Chrono Boost), Stalker, Warp Gate  
  25  2:33  Probe (Chrono Boost)  
  31  2:44  Probe (Chrono Boost)  
  31  2:49  Probe (Chrono Boost)  
  31  2:59  Probe (Chrono Boost)  
  31  3:04  Adept  
  33  3:06  Probe (Chrono Boost)  
  33  3:09  Probe (Chrono Boost)  
  35  3:14  Robotics Facility  
  35  3:16  Probe (Chrono Boost)  
  36  3:20  Probe (Chrono Boost)  
  38  3:27  Probe (Chrono Boost)  
  38  3:30  Probe (Chrono Boost)  
  38  3:31  Adept  
  38  3:32  Assimilator  
  41  3:34  Assimilator  
  41  3:37  Probe (Chrono Boost)  
  43  3:41  Probe (Chrono Boost)  
  43  3:48  Probe (Chrono Boost), Pylon  
  44  3:52  Probe (Chrono Boost)  
  45  3:58  Probe (Chrono Boost)  
  46  4:05  Robotics Bay  
  46  4:06  Adept, Observer (Chrono Boost)  
  46  4:09  Probe  
  49  4:10  Pylon  
  49  4:11  Probe  
  49  4:15  Gateway  
  51  4:20  Probe  
  51  4:23  Probe  
  53  4:28  Warp Prism (Chrono Boost)  
  53  4:30  Probe  
  55  4:35  Probe  
  55  4:36  Pylon  
  57  4:39  Pylon  
  57  4:41  Probe  
  58  4:51  Gravitic Drive (Chrono Boost)  
  58  4:53  Twilight Council  
  58  4:54  Probe  
  58  4:57  Adept, Observer  
  62  5:05  Probe  
  62  5:06  Probe  
  64  5:16  Stalker  
  64  5:17  Blink (Chrono Boost)  
  64  5:19  Observer  
  64  5:20  Nexus  
  67  5:24  Stalker  
  70  5:28  Probe x2  
  71  5:38  Pylon  
  71  5:40  Stalker, Probe x2  
  75  5:43  Observer (Chrono Boost)  
  76  5:52  Probe  
  76  5:53  Probe  
  78  6:03  Stalker  
  78  6:04  Stalker, Probe  
  82  6:05  Probe  
  82  6:10  Disruptor (Chrono Boost)  
  86  6:17  Pylon  
  80  6:19  Pylon  
  80  6:20  Pylon  
  79  6:26  Probe x2  
  79  6:32  Stalker, Pylon  
  71  6:33  Stalker  
  71  6:38  Gateway x2  
  71  6:39  Probe x2  
  77  6:41  Disruptor (Chrono Boost)  
  77  6:44  Pylon  
  78  6:52  Probe x2  
  80  6:58  Pylon  
  80  7:06  Nexus  
  80  7:09  Probe x2  
  80  7:12  Disruptor (Chrono Boost), Pylon  
  80  7:13  Stalker, Pylon  
  87  7:21  Probe  
  87  7:24  Stalker  
  87  7:34  Probe x2  
  70  7:53  Stalker  
  70  7:54  Stalker x3  
  70  7:58  Disruptor (Chrono Boost)  
  78  8:12  Probe x2  
  80  8:21  Stalker  
  80  8:23  Nexus  
  80  8:24  Charge  
  82  8:28  Probe  
  82  8:29  Probe, Disruptor (Chrono Boost)  
  87  8:41  Probe  
  88  8:55  Probe x2  
  82  9:03  Stalker x3  
  82  9:04  Stalker  
  82  9:07  Probe x2  
  92  9:14  Observer Gravitic Boosters, Forge  
  92  9:22  Probe, Pylon  
  92  9:23  Probe  
  93  9:33  Stalker x2  
  93  9:34  Probe  
  98  9:39  Probe  
  98  9:40  Pylon  
  98  9:41  Probe  
  100  9:47  Probe  
  100  9:50  Probe  
  102  9:53  Probe  
  103  10:04  Probe  
  103  10:05  Probe  
  87  10:07  Observer (Chrono Boost)  
  81  10:22  Probe  
  81  10:23  Probe  
  81  10:24  Probe  
  81  10:27  Stalker x4  
  92  10:32  Probe, Photon Cannon  
  93  10:35  Probe  
  93  10:36  Probe  
  95  10:43  Probe, Assimilator  
  95  10:48  Assimilator  
  96  10:50  Disruptor (Chrono Boost)  
  99  10:58  Gateway  
  99  11:00  Gateway, Pylon  
  94  11:08  Stalker x4  
  102  11:15  Pylon  
  102  11:16  Pylon  
  102  11:20  Templar Archives  
  102  11:21  Dark Shrine  
  102  11:26  Observer  
  103  11:33  Forge  
  103  11:35  Gateway  
  103  11:37  Gateway  
  103  11:38  Pylon  
  103  11:40  Stalker x4  
Show
View Real Time Build Order
Export as new Build Order

xKawaiian Terran - Winner!

Build Orders: Reaper Expand, MMM Bio 

Get SALT Encoding   

  12  0:00  SCV  
  13  0:13  SCV  
  14  0:17  Supply Depot  
  14  0:25  SCV  
  15  0:39  SCV  
  15  0:41  Barracks  
  16  0:46  Refinery  
  16  0:51  SCV  
  17  1:03  SCV  
  18  1:16  SCV  
  19  1:29  Orbital Command  
  19  1:31  Reaper  
  20  1:41  Command Center  
  20  1:53  Supply Depot  
  20  1:55  SCV  
  21  2:03  Barracks Reactor  
  21  2:07  SCV  
  22  2:17  Barracks  
  22  2:19  SCV  
  23  2:24  Barracks  
  23  2:31  SCV  
  24  2:40  Marine x2  
  24  2:43  SCV  
  27  2:49  Factory  
  27  2:55  SCV  
  27  2:57  Marine  
  27  2:58  Marine  
  30  3:05  Barracks Tech Lab  
  30  3:08  SCV  
  30  3:10  Orbital Command  
  30  3:14  Marine  
  30  3:15  Marine x2  
  30  3:19  Refinery  
  33  3:20  SCV  
  33  3:24  Marine  
  33  3:26  Stimpack  
  35  3:32  SCV, Marine  
  37  3:37  SCV, Marine x2  
  40  3:42  Marine  
  40  3:44  SCV  
  42  3:50  Marine  
  42  3:51  Starport  
  42  3:53  SCV  
  42  3:55  Marine  
  45  3:56  SCV  
  45  3:57  Supply Depot  
  45  4:01  Supply Depot  
  46  4:12  Factory Reactor  
  46  4:18  Marine x2  
  46  4:19  SCV x2  
  46  4:22  Marine x2  
  46  4:24  Supply Depot  
  52  4:29  Supply Depot  
  52  4:31  SCV x2  
  54  4:36  Marine x2  
  56  4:39  Command Center  
  56  4:43  SCV  
  58  4:45  SCV, Marine x2  
  60  4:53  Medivac x2  
  60  4:55  SCV  
  60  4:56  Marine x2  
  60  4:59  Supply Depot  
  67  5:02  Factory Reactor  
  67  5:03  SCV  
  68  5:07  SCV  
  68  5:10  Marine  
  70  5:14  Bunker  
  70  5:15  SCV, Barracks Reactor  
  70  5:19  SCV  
  72  5:33  SCV  
  73  5:36  Refinery, Marine x2  
  73  5:37  Engineering Bay, Marine  
  73  5:38  Combat Shields, Refinery, Engineering Bay  
  73  5:42  SCV, Medivac  
  79  5:51  SCV  
  79  5:54  Marine x3  
  79  5:55  Orbital Command  
  84  5:57  SCV  
  84  6:03  SCV  
  85  6:04  Marine  
  85  6:05  Marine  
  87  6:12  SCV, Marine  
  87  6:13  Terran Infantry Weapons Level 1, Marauder  
  91  6:18  Marine  
  91  6:19  SCV  
  91  6:23  Orbital Command  
  90  6:26  Medivac  
  90  6:27  SCV  
  90  6:34  Terran Infantry Armor Level 1, Marauder  
  90  6:39  SCV, Barracks x2  
  92  6:52  Marine x2, Medivac  
  96  6:54  SCV x2  
  96  6:55  SCV  
  96  6:56  Marauder  
  96  6:59  Medivac  
  101  7:11  Supply Depot  
  101  7:12  Concussive Shells  
  101  7:13  Supply Depot  
  101  7:16  Supply Depot  
  101  7:18  SCV  
  101  7:29  Barracks Reactor, Barracks Tech Lab  
  101  7:31  Supply Depot  
  101  7:32  SCV x2, Marauder, Widow Mine x2  
  101  7:33  Supply Depot  
  101  7:35  Armory, Marine x3  
  101  7:36  Marine  
  113  7:39  Medivac x2  
  107  7:51  Marine  
  107  7:52  Marine x2  
  107  7:54  SCV, Marauder, Marine  
  114  8:00  Widow Mine x2  
  114  8:02  Barracks  
  114  8:03  Barracks  
  116  8:06  Marine  
  116  8:10  Marauder  
  116  8:11  Supply Depot  
  116  8:12  Marine x2  
  110  8:13  Supply Depot  
  110  8:15  Marauder  
  110  8:16  Supply Depot, SCV x2  
  110  8:19  Medivac  
  113  8:24  SCV  
  114  8:27  Refinery  
  114  8:28  Terran Vehicle And Ship Armor Level 1, SCV  
  114  8:29  SCV, Refinery, Widow Mine x2  
  114  8:31  Marine, Marauder  
  114  8:32  Terran Infantry Weapons Level 2  
  123  8:37  Supply Depot, Marauder  
  123  8:39  Marine x3  
  128  8:43  Terran Infantry Armor Level 2  
  128  8:44  SCV x2  
  130  8:52  Marauder  
  131  8:58  Marine  
  131  8:59  Barracks Reactor, Barracks Tech Lab, Marauder  
  132  9:04  Marine x2  
  132  9:05  Marine x2  
  132  9:08  Supply Depot x2  
  136  9:10  Supply Depot  
  136  9:14  Marauder  
  138  9:17  Marine  
  138  9:18  Marauder, Marine  
  138  9:20  Marauder  
  138  9:21  SCV  
  138  9:22  Command Center  
  138  9:24  SCV, Marine x2  
  148  9:33  Marine x2  
  148  9:34  Widow Mine x2  
  148  9:35  Marauder  
  148  9:37  SCV  
  158  9:38  SCV  
  158  9:39  Marauder  
  158  9:41  Marauder  
  158  9:42  Marine, Medivac  
  165  9:50  Starport  
  165  9:52  Fusion Core  
  165  9:53  Marine  
  165  9:57  Marauder  
  153  10:01  Liberator, Marauder  
  153  10:03  Marine x2, Marauder  
  153  10:06  Marine x3  
  154  10:08  SCV  
  145  10:16  Marine  
  145  10:18  Marauder  
  145  10:19  Marine  
  138  10:22  Marine x2, Marauder  
  138  10:24  Marauder  
  138  10:26  Marine  
  136  10:32  SCV x3  
  139  10:39  Marauder  
  139  10:40  Marine  
  142  10:44  Marauder  
  142  10:46  Marauder  
  142  10:47  Medivac x2  
  149  10:56  Widow Mine  
  148  10:57  Marine  
  148  11:01  Marauder  
  150  11:04  Marine x2  
  150  11:05  Marauder  
  150  11:07  Marine  
  150  11:08  Marauder  
  150  11:09  Command Center  
  150  11:10  SCV  
  158  11:14  Marine x2  
  158  11:17  Missile Turret x2  
  160  11:18  Missile Turret  
  160  11:21  SCV x2, Marine  
  160  11:22  Marauder  
  165  11:26  Planetary Fortress  
  165  11:31  Missile Turret x2  
  165  11:37  Marauder, Marine  
  165  11:39  Starport Tech Lab  
Tags
 
Add a new tag
Caveats
  • Supply blocks, unpowered buildings, or Contaminate may cause inaccurate times.
  • Supply counts are checked every 10 seconds.